 Dungeon Crawl Stone Soup version 0.20-a0-949-g916514f (webtiles) character file.

50 M4edhros the Chopper (level 3, 0/31 HPs)
             Began as a Minotaur Berserker on Apr 4, 2017.
             Was a Follower of Trog.
             Killed from afar by Sigmund (8 damage)
             ... with a magic dart
             ... on level 2 of the Dungeon.
             The game lasted 00:01:18 (275 turns).

M4edhros the Chopper (Minotaur Berserker)            Turns: 275, Time: 00:01:19

Health: 0/31       AC:  2    Str: 21    XL:     3   Next: 55%
Magic:  2/2        EV: 12    Int:  9    God:    Trog [*.....]
Gold:   2          SH:  0    Dex:  8    Spells: 2/2 levels left

rFire    . . .     SeeInvis .   a - +0 hand axe
rCold    . . .     Gourm    .   (no shield)
rNeg     . . .     Faith    .   b - +0 animal skin
rPois    .         Spirit   .   (helmet restricted)
rElec    .         Reflect  .   (no cloak)
rCorr    .         Harm     .   (no gloves)
MR       .....                  (no boots)
Stlth    +.........             (no amulet)
Regen    0.1/turn               (no ring)
MPRegen  0.1/turn               (no ring)

@: brilliant
A: retaliatory headbutt, claws 1, horns 2, clumsy 1
a: Berserk, Burn Spellbooks, Renounce Religion


You were on level 2 of the Dungeon.
You worshipped Trog.
Trog was aware of your devotion.
You were not hungry.

You visited 1 branch of the dungeon, and saw 2 of its levels.

You collected 2 gold pieces.

Inventory:

Hand Weapons
 a - a +0 hand axe (weapon)
Missiles
 g - 7 tomahawks of returning (quivered)
Armour
 b - a +0 animal skin (worn)
Scrolls
 d - a scroll of enchant armour {unknown}
 e - a scroll of identify {unknown}
Comestibles
 c - a bread ration
 h - a fruit


   Skills:
 - Level 3.6 Fighting
 + Level 5.5 Axes
 - Level 2.4 Armour
 - Level 2.1 Dodging


You had 2 spell levels left.
You didn't know any spells.

Dungeon Overview and Level Annotations

Branches:
Dungeon (2/15)

Altars:

Annotations:
D:2 Sigmund


Innate Abilities, Weirdness & Mutations

You reflexively headbutt those who attack you in melee.
You have a pair of horns on your head.
You have sharp fingernails.
You are clumsy. (Dex -2)


Message History

The dart slug bites you but does no damage.
You hit the dart slug.
You kill the dart slug!
Trog accepts your kill.
A rat comes into view.
Sigmund the Dreaded comes into view.
He is wielding a scythe.
You feel less exhausted. Sigmund casts a spell at you.
You are confused.
It was a potion of brilliance.
You feel clever all of a sudden.
It was a potion of mutation.
You feel extremely strange.
You feel clumsy.
Your fingernails lengthen.
You're too confused to move!
You're too confused to move!
The rat bites you.
* * * LOW HITPOINT WARNING * * *
You feel less confused. Sigmund casts a spell at you. The magic dart hits you!
You die...

#......#...
#######.#.####... ##
#.....†.......... ...
#......##.####### ....
#......##........ .....
#......#########.
......#......#########.
..................@>...
......#......#@....##
..... #......#.....#
.... ###+####.r...# ...
#.....# .. #.....# .
#.....# #..<..# .#...##
.#...#


You could see Sigmund and a rat.

Vanquished Creatures
  Natasha (D:2)
  An adder (D:2)
  A dart slug (D:2)
  2 leopard geckos
  2 giant cockroaches
  A goblin (D:1)
  A hobgoblin (D:1)
  A quokka (D:2)
  A ball python (D:1)
  A frilled lizard (D:2)
  A rat (D:1)
13 creatures vanquished.

Notes
Turn   | Place    | Note
-------+----------+-------------------------------------------
     0 | D:1      | M4edhros the Minotaur Berserker began the quest for the Orb.
     0 | D:1      | Reached XP level 1. HP: 19/19 MP: 0/0
   136 | D:1      | Reached skill level 4 in Axes
   213 | D:2      | Reached XP level 2. HP: 5/26 MP: 1/1
   235 | D:2      | Noticed Natasha
   240 | D:2      | Killed Natasha
   240 | D:2      | Reached skill level 5 in Axes
   240 | D:2      | Reached XP level 3. HP: 7/31 MP: 2/2
   270 | D:2      | Noticed Sigmund
   272 | D:2      | Gained mutation: You are clumsy. (Dex -2) [potion of mutation]
   272 | D:2      | Gained mutation: You have sharp fingernails. [potion of mutation]
   275 | D:2      | Killed from afar by Sigmund

Vault maps used:
D:1:      dpeg_cavernosity, cheibriados_altar_1
D:2:      first_bread, nrook_mini_backslash, minmay_tiny_reverse_x,
          uniq_natasha, uniq_sigmund

Skill      XL: |  1  2 |
---------------+-------+-----
Axes           | 4 5 |  5.5
Fighting       | |  3.6
Armour         | |  2.4
Dodging        | |  2.1

Action                   || total
-------------------------++-------
Melee: Hand axe          ||    24
       Headbutt          ||     6
Invok: Berserk           ||     1
  Use: Potion            ||     2
Armor: Animal skin       ||     4
Dodge: Dodged            ||    14
